 Dungeon Crawl Stone Soup version 0.19-a0-1670-gc28a5d9 (webtiles) character file.

113183 Lochraine the Tortoise (level 17, -10/121 HPs)
             Began as a Halfling Artificer on Sept 20, 2016.
             Was an Initiate of Gozag.
             Shot with an arrow by a satyr (20 damage)
             ... on level 4 of the Shoals on Sept 21, 2016.
             The game lasted 03:10:55 (26757 turns).

Lochraine the Tortoise (Halfling Artificer)        Turns: 26757, Time: 03:10:56

Health: -10/121    AC: 35    Str: 38    XL:     17   Next: 17%
Magic:  24/24      EV: 23    Int: 13    God:    Gozag
Gold:   3534       SH:  9    Dex: 20    Spells: 4 memorised, 15 levels left

rFire  . . .     SeeInvis +     a - +10 mace of Milyps {crush, Int+4 SInv}
rCold  + + +     Gourm    .     N - +3 plate armour "Uteb" {rElec rC+++ Str+4 Dex-3}
rNeg   . . .     Faith    .     w - +2 buckler {AC+3}
rPois  +         Spirit   .     U - +2 helmet
rElec  +         Dismiss  .     O - +0 cloak of Ocair {Str+9 Dex-2}
rCorr  .         Reflect  .     r - +3 pair of gloves "Onoiher" {rElec Regen+ Slay+2}
MR     +....     Harm     .     (no boots)
Stlth  ..........               W - amulet of rage
                                v - ring of Volaerr {rPois Slay+4}
                                J - +5 ring of strength

@: mighty, agile, lethally poisoned (-10 -> -27), very slightly contaminated,
invisible
A: thin metallic scales 1, mutation resistance 1
a: Potion Petition, Call Merchant, Bribe Branch, Renounce Religion, Evoke
Berserk Rage


You were on level 4 of the Shoals.
You worshipped Gozag.
Gozag was most pleased with you.
You were not hungry.

You visited 4 branches of the dungeon, and saw 25 of its levels.
You also visited: Sewer.

You collected 11392 gold pieces.
You spent 3182 gold pieces at shops.
You paid 4676 gold pieces to Gozag.

Inventory:

Hand Weapons
 a - the +10 mace of Milyps (weapon) {crush, Int+4 SInv}
   (You found it on level 5 of the Dungeon)

   It inflicts extra damage upon your enemies.
   It affects your intelligence (+4).
   It lets you see invisible.
 b - a +5 hunting sling of freezing
Missiles
 C - 148 sling bullets
Armour
 r - the +3 pair of gloves "Onoiher" (worn) {rElec Regen+ Slay+2}
   (You bought it in a shop on level 6 of the Lair of Beasts)

   It affects your accuracy and damage with ranged weapons and melee attacks
   (+2).
   It insulates you from electricity.
   It increases your rate of regeneration.
 w - a +2 buckler of protection (worn)
 N - the +3 plate armour "Uteb" (worn) {rElec rC+++ Str+4 Dex-3}
   (You found it on level 6 of the Lair of Beasts)

   It affects your strength (+4).
   It affects your dexterity (-3).
   It renders you almost immune to cold.
   It insulates you from electricity.
 O - the +0 cloak of Ocair (worn) {Str+9 Dex-2}
   (You bought it in a shop on level 2 of the Orcish Mines)

   It affects your strength (+9).
   It affects your dexterity (-2).
 U - a +2 helmet (worn)
Jewellery
 v - the ring of Volaerr (right hand) {rPois Slay+4}
   (You found it on level 9 of the Dungeon)

   [ring of slaying]

   It affects your accuracy and damage with ranged weapons and melee attacks
   (+4).
   It protects you from poison.
 y - an uncursed ring of protection from magic
 J - a +5 ring of strength (left hand)
 P - an uncursed ring of protection from fire
 W - an amulet of rage (around neck)
 Z - an uncursed ring of flight
Wands
 d - a wand of enslavement (17/24)
 e - a wand of paralysis (12/24)
 j - a wand of teleportation (5/9)
 m - a wand of acid (2/15)
 E - a wand of lightning (3/15)
 F - a wand of digging (15/24)
 L - a wand of teleportation (5/9)
 M - a wand of iceblast (6/15)
 X - a wand of disintegration (9/24)
Scrolls
 c - a scroll of acquirement
 h - a scroll of fog
 o - 3 scrolls of fear
 q - 7 scrolls of remove curse
 G - a scroll of identify
 I - 4 scrolls of teleportation
 Q - 2 scrolls of blinking
 T - a scroll of enchant armour
 V - 2 scrolls of enchant weapon
Potions
 i - 2 potions of heal wounds
 k - 2 potions of berserk rage {unknown}
 l - a potion of might
 n - 10 potions of curing
 s - a potion of agility
 t - a potion of ambrosia
 u - 5 potions of cure mutation
 A - 7 potions of haste
 B - 2 potions of lignification {unknown}
 D - 2 potions of magic
 H - 2 potions of mutation {unknown}
 K - 4 potions of brilliance
 R - a potion of cancellation {unknown}
 S - 3 potions of flight
 Y - a potion of invisibility
Books
 g - the Papyrus of Self-Knowledge
   (You found it on level 3 of the Shoals)

   Spells                             Type                      Level
   a - Swiftness                      Charms/Air                   2
   b - Song of Slaying                Charms                       2
   c - Spectral Weapon                Hexes/Charms                 3
   d - Haste                          Charms                       6
Comestibles
 f - 16 bread rations
 x - 11 fruits
 z - 15 royal jellies


   Skills:
 - Level 12.5 Fighting
   Level 1.2 Short Blades
 - Level 10.0 Maces & Flails
 - Level 12.0 Slings
 + Level 16.5 Armour
 - Level 9.0 Dodging
 - Level 5.0 Stealth
 - Level 5.5 Shields
 - Level 3.0 Spellcasting
 - Level 4.1 Necromancy
 - Level 5.7 Translocations
 - Level 9.3 Evocations


You had 15 spell levels left.
You knew the following spells:

 Your Spells              Type           Power        Failure   Level  Hunger
a - Blink                 Tloc           N/A          12%         2    ###....
b - Apportation           Tloc           ###.......   10%         1    #......
c - Animate Skeleton      Necr           N/A          17%         1    #......
d - Portal Projectile     Tloc           ###...       24%         3    ###....


Dungeon Overview and Level Annotations

Branches:
Dungeon (13/15)            Temple (0/1) D:7            Lair (6/6) D:8
 Shoals (4/4) Lair:3       Spider (0/4) Lair:4        Slime (0/5) Lair:5
    Orc (2/2) D:11            Elf (0/3) Orc:2        Vaults (0/5) D:13

Altars:
Cheibriados
Elyvilon
Gozag
Hepliaklqana
Makhleb
Nemelex Xobeh
Qazlal
Ru
Trog
Vehumet
Xom
Yredelemnul
Zin
The Shining One
Beogh

Shops:
D:4 (   D:12 *   Orc:2 ([:[   Lair:3 ?   Lair:6 [   Shoals:3 !

Portals:
Trove: D:13 (give 7 potions of haste)

Annotations:
D:9 exclusions: obsidian statue and orange crystal statue
Shoals:4 Aizul, Ilsuiw


Innate Abilities, Weirdness & Mutations

You are small and have problems with some larger weapons.
You are somewhat resistant to further mutation.
You are partially covered in thin metallic scales. (AC +2)


Message History

A merfolk, a siren and a faun come into view.
The faun is wielding a quarterstaff of protection. [a] - 351 gold - haste and flight [b] - 696 gold - resistance, might and haste [c] - 264 gold - invisibility and agility Purchase which effect?
You fade further into invisibility.
You feel more agile all of a sudden.
* * * LOW HITPOINT WARNING * * *
You feel very sick.
The merfolk shouts!
The faun unwields an uncursed quarterstaff of protection.
The faun wields a hunting sling.
The faun shoots a stone.
The stone barely misses you.
You hear a splash.
The merfolk throws a tomahawk.
The tomahawk barely misses you.
You hear a splash.
The satyr unwields an uncursed club.
The satyr wields an uncursed longbow.
The satyr shoots an arrow.
The arrow hits you!!
You die...
Your body crumbles into a pile of gold.

#≈
...........≈.##
##
..........≈≈..#
#
........≈≈≈≈.##
#
≈≈....≈≈≈≈≈≈.≈#
#
≈≈≈≈≈≈≈≈≈≈≈≈≈..
≈≈≈≈≈≈≈≈≈≈≈≈≈≈.
m≈≈≈≈≈≈≈≈≈≈≈≈≈≈
≈≈≈≈≈≈≈@≈≈≈≈...
≈≈≈≈≈≈≈........
≈≈≈≈≈≈≈........
≈≈≈≈≈≈≈≈≈......
≈≈≈≈≈≈≈≈≈......
≈≈≈≈≈≈≈≈≈.m....
≈≈≈≈≈≈≈≈≈≈c.c..
≈≈≈≈≈≈≈≈≈c≈≈≈.c


You could see a satyr, a merfolk, 3 fauns and a siren.

Vanquished Creatures
  2 orc warlords
  4 dire elephants (Lair:6)
  Azrael (Orc:2)
  2 merfolk javelineers
  Erolcha (D:13)
  5 merfolk impalers
  Fannar (Lair:3)
  4 hydras
  An anaconda (Lair:6)
  2 alligator snapping turtles
  A merfolk aquamancer (Shoals:3)
  Erica (D:10)
  A merfolk avatar (Shoals:3)
  A tengu warrior (D:13)
  2 orc high priests (Orc:2)
  A hell hog (Orc:1)
  An unseen horror (D:12)
  9 sea snakes
  A hill giant (D:10)
  A necromancer (D:13)
  A wizard (D:13)
  3 orc knights
  Pikel (D:6)
  5 harpies (Shoals:3)
  14 fauns
  3 orc sorcerers
  11 manticores
  2 cyclopes
  4 water nymphs
  12 sirens
  5 black mambas
  Psyche (D:10)
  23 elephants
  2 torpor snails
  11 spiny frogs
  7 komodo dragons
  An eye of devastation (Lair:5)
  3 rime drakes
  A tengu conjurer (D:13)
  21 merfolk
  2 two-headed ogres
  A queen bee (Lair:1)
  2 polar bears
  5 trolls
  3 wind drakes
  8 dream sheep
  20 blink frogs
  9 snapping turtles
  14 hippogriffs
  A redback (Lair:4)
  7 wyverns
  4 water elementals
  52 yaks
  2 vampires (D:13)
  5 basilisks
  5 fire elementals (Orc:2)
  4 vampire mosquitoes (D:13)
  A hungry ghost (D:11)
  A steam dragon (Lair:3)
  5 wargs
  3 hell hounds (Orc:2)
  17 water moccasins
  2 black bears (D:7)
  41 orc warriors
  2 wasps
  3 porcupines
  4 sky beasts
  6 ice beasts
  3 eyes of draining
  14 ogres
  9 centaurs
  A necrophage (D:9)
  6 wolves (Lair:4)
  11 crocodiles
  6 big kobolds
  20 bullfrogs
  4 scorpions
  43 killer bees
  8 wights
  An electric eel (Orc:2)
  5 crimson imps
  A quasit (D:12)
  5 centaur zombies
  4 hounds
  4 jellies
  16 orc priests
  28 orc wizards
  2 centaur skeletons
  Crazy Yiuf (D:7)
  10 worker ants
  11 iguanas
  2 hound zombies
  4 hound skeletons
  A worker ant zombie (D:5)
  9 adders
  28 river rats
  2 shadow imps
  An ooze (D:5)
  3 adder skeletons
  An adder zombie (D:6)
  A worm (D:2)
  2 dart slugs
  4 leopard geckos
  103 orcs
  12 bats
  A giant cockroach (D:1)
  6 goblins
  9 hobgoblins
  20 jackals
  28 kobolds
  4 quokkas
  12 frilled lizards
  A jackal skeleton (D:5)
  13 rats
  A fungus (D:7)
  2 plants (Lair:6)
885 creatures vanquished.

Vanquished Creatures (collateral kills)
  2 orc warriors
  An adder (D:2)
  5 orcs
  2 hobgoblins
  A bat (D:1)
11 creatures vanquished.

Vanquished Creatures (others)
  2 orc warriors
  A yak (Lair:6)
  A slave (D:6)
  A jelly (D:6)
  An orc priest (D:8)
  A worker ant (D:6)
  A leopard gecko (D:4)
  2 bushes (Lair:6)
  22 fungi
  32 plants
64 creatures vanquished.

Grand Total: 960 creatures vanquished

Notes
Turn   | Place    | Note
-------+----------+-------------------------------------------
     0 | D:1      | Lochraine the Halfling Artificer began the quest for the Orb.
     0 | D:1      | Reached XP level 1. HP: 12/12 MP: 3/3
    79 | D:1      | Reached XP level 2. HP: 15/18 MP: 4/4
   450 | D:1      | Reached XP level 3. HP: 22/22 MP: 4/6
  1060 | D:2      | Reached skill level 1 in Slings
  1318 | D:2      | Reached XP level 4. HP: 18/27 MP: 7/7
  1755 | D:3      | Noticed a big kobold
  1768 | D:3      | Killed a big kobold
  1768 | D:3      | Reached skill level 5 in Slings
  1768 | D:3      | Reached XP level 5. HP: 13/32 MP: 8/8
  1990 | D:3      | Reached skill level 1 in Armour
  2136 | D:3      | Found an opulent altar of Gozag.
  2152 | D:3      | Became a worshipper of Gozag Ym Sagoz the Greedy
  2222 | D:3      | Found a basalt altar of Yredelemnul.
  2705 | D:4      | Found Taisanlajeo's Weapon Boutique.
  2712 | D:4      | Reached skill level 2 in Armour
  2799 | D:4      | Reached XP level 6. HP: 37/37 MP: 9/9
  2883 | D:4      | Noticed an ogre
  2892 | D:4      | Killed an ogre
  2892 | D:4      | Reached skill level 3 in Armour
  2964 | D:4      | Reached skill level 4 in Armour
  2964 | D:4      | Reached XP level 7. HP: 18/42 MP: 10/10
  3356 | D:4      | Reached skill level 5 in Armour
  3775 | D:5      | Entered Level 5 of the Dungeon
  3902 | D:5      | Reached skill level 6 in Armour
  4160 | D:5      | Reached XP level 8. HP: 47/47 MP: 11/11
  4349 | D:5      | Found a sparkling altar of Nemelex Xobeh.
  4433 | D:5      | Found a glowing drain.
  4437 | Sewer    | Entered a sewer
  4574 | Sewer    | Reached skill level 1 in Fighting
  5052 | D:5      | Got a smoking mace
  5054 | D:5      | Identified the +10 mace of Milyps {crush, Int+4 SInv} (You found it on level 5 of the Dungeon)
  5185 | D:6      | Noticed Pikel
  5203 | D:6      | Killed Pikel
  5203 | D:6      | Reached skill level 5 in Fighting
  5203 | D:6      | Reached XP level 9. HP: 53/61 MP: 12/12
  5249 | D:6      | Found a hazy altar of Hepliaklqana.
  5255 | D:6      | Found a bloodstained altar of Trog.
  5255 | D:6      | Found a shimmering altar of Xom.
  5266 | D:6      | Found a stormy altar of Qazlal.
  5268 | D:6      | Found a glowing silver altar of Zin.
  5840 | D:6      | Found a sacrificial altar of Ru.
  5847 | D:6      | Reached skill level 1 in Maces & Flails
  5916 | D:6      | Found a burning altar of Makhleb.
  5924 | D:6      | Found a glowing golden altar of the Shining One.
  5929 | D:6      | Found a snail-covered altar of Cheibriados.
  6445 | D:7      | Found a bloodstained altar of Trog.
  6543 | D:7      | Found a staircase to the Ecumenical Temple.
  7277 | D:7      | Found a runed door.
  7281 | D:7      | Noticed Crazy Yiuf
  7285 | D:7      | Killed Crazy Yiuf
  7562 | D:8      | Reached skill level 5 in Maces & Flails
  7567 | D:8      | Found a staircase to the Lair.
  7567 | D:8      | Noticed an elephant
  7568 | D:8      | Noticed a hippogriff
  7580 | D:8      | Killed a hippogriff
  7591 | D:8      | Killed an elephant
  7591 | D:8      | Reached XP level 10. HP: 35/68 MP: 13/13
  8019 | Lair:1   | Entered Level 1 of the Lair of Beasts
  8019 | Lair:1   | Noticed a komodo dragon
  8019 | Lair:1   | Noticed a spiny frog
  8019 | Lair:1   | Noticed a komodo dragon
  8038 | D:8      | Killed a spiny frog
  8038 | D:8      | Reached skill level 5 in Evocations
  8040 | D:8      | Killed a komodo dragon
  8284 | Lair:1   | Killed a komodo dragon
  8296 | Lair:1   | Noticed a rime drake
  8304 | Lair:1   | Killed a rime drake
  8445 | Lair:1   | Noticed a spiny frog
  8457 | Lair:1   | Killed a spiny frog
  8552 | Lair:1   | Noticed a spiny frog
  8560 | Lair:1   | Killed a spiny frog
  8609 | Lair:1   | Reached XP level 11. HP: 39/72 MP: 17/17
  9113 | Lair:1   | Reached skill level 5 in Dodging
 10415 | Lair:2   | Noticed a seven-headed hydra
 10433 | Lair:2   | Killed a seven-headed hydra
 10433 | Lair:2   | Reached skill level 5 in Stealth
 10448 | Lair:2   | Noticed an eight-headed hydra
 10463 | Lair:2   | Killed an eight-headed hydra
 10732 | Lair:2   | Reached XP level 12. HP: 79/80 MP: 19/19
 11235 | Lair:3   | Noticed Fannar
 11394 | Lair:3   | Killed Fannar
 11759 | Lair:3   | Found a staircase to the Shoals.
 11859 | Lair:3   | Bought a scroll of identify for 24 gold pieces
 11859 | Lair:3   | Bought a scroll of identify for 24 gold pieces
 11859 | Lair:3   | Bought a scroll of identify for 24 gold pieces
 11859 | Lair:3   | Bought a scroll of acquirement for 624 gold pieces
 11859 | Lair:3   | Bought a scroll of identify for 24 gold pieces
 11859 | Lair:3   | Bought a scroll of enchant armour for 90 gold pieces
 11859 | Lair:3   | Bought a scroll of enchant armour for 90 gold pieces
 11859 | Lair:3   | Bought a scroll of remove curse for 36 gold pieces
 11861 | Lair:3   | Gained mutation: You are partially covered in thin metallic scales. (AC +2) [potion of beneficial mutation]
 12267 | Lair:4   | Reached skill level 10 in Fighting
 12539 | Lair:4   | Reached skill level 10 in Slings
 13077 | Lair:4   | Reached XP level 13. HP: 85/92 MP: 20/20
 13160 | Lair:4   | Found a hole to the Spider Nest.
 13830 | Lair:5   | Found a staircase to the Slime Pits.
 14074 | Lair:5   | Learned a level 2 spell: Blink
 14124 | Lair:5   | Reached skill level 1 in Translocations
 14162 | Lair:5   | Reached skill level 1 in Spellcasting
 14682 | Lair:6   | Entered Level 6 of the Lair of Beasts
 14957 | Lair:6   | Upgraded the game from 0.19-a0-1654-g9d3f708 to 0.19-a0-1670-gc28a5d9
 14972 | Lair:6   | Reached skill level 5 in Translocations
 14996 | Lair:6   | Noticed a six-headed hydra
 15013 | Lair:6   | Killed a six-headed hydra
 15032 | Lair:6   | Reached skill level 7 in Armour
 15233 | Lair:6   | Learned a level 1 spell: Apportation
 15235 | Lair:6   | Learned a level 1 spell: Animate Skeleton
 15280 | Lair:6   | Reached skill level 1 in Necromancy
 15378 | Lair:6   | Learned a level 3 spell: Portal Projectile
 15796 | Lair:6   | Reached XP level 14. HP: 73/99 MP: 13/21
 16568 | Lair:6   | Bought the +3 pair of gloves "Onoiher" {rElec Regen+ Slay+2} for 628 gold pieces
 16580 | Lair:6   | Bought a +1 buckler of protection for 247 gold pieces
 16649 | Lair:6   | Reached skill level 1 in Shields
 17033 | Lair:6   | Reached skill level 5 in Shields
 17199 | Lair:6   | Noticed a dire elephant
 17361 | Lair:6   | Noticed a dire elephant
 17555 | Lair:6   | Killed a dire elephant
 17709 | Lair:6   | Noticed a dire elephant
 17737 | Lair:6   | Killed a dire elephant
 17853 | Lair:6   | Noticed a dire elephant
 17853 | Lair:6   | Noticed a dire elephant
 17880 | Lair:6   | Killed a dire elephant
 17890 | Lair:6   | Killed a dire elephant
 17909 | Lair:6   | Got a polished plate armour
 17924 | Lair:6   | Identified the +3 plate armour "Uteb" {rElec rC+++ Str+4 Dex-3} (You found it on level 6 of the Lair of Beasts)
 18101 | D:9      | Found a radiant altar of Vehumet.
 18189 | D:9      | Reached skill level 10 in Maces & Flails
 18228 | D:9      | Got a flickering marble ring
 18302 | D:9      | Identified the ring of Volaerr {rPois Slay+4} (You found it on level 9 of the Dungeon)
 18305 | D:9      | Got a dazzling long sword
 18634 | D:9      | Reached skill level 8 in Armour
 18664 | D:9      | Found a white marble altar of Elyvilon.
 18904 | D:10     | Entered Level 10 of the Dungeon
 18905 | D:10     | Noticed Erica
 18917 | D:10     | Killed Erica
 18921 | D:10     | Identified the +3 long sword "Kecy" {slice, rF+} (You found it on level 9 of the Dungeon)
 19140 | D:10     | Noticed Psyche
 19144 | D:10     | Killed Psyche
 19541 | D:11     | Found a staircase to the Orcish Mines.
 19563 | Orc:1    | Entered Level 1 of the Orcish Mines
 19571 | Orc:1    | Reached skill level 9 in Armour
 19707 | Orc:1    | Noticed an orc warlord
 19731 | D:11     | Killed an orc warlord
 19768 | D:11     | Reached XP level 15. HP: 87/103 MP: 22/22
 19887 | D:11     | Reached skill level 10 in Armour
 20528 | D:12     | Reached skill level 11 in Armour
 20823 | D:12     | Found Yrood's General Store.
 20835 | D:12     | Bought a scroll of blinking for 90 gold pieces
 20835 | D:12     | Bought 19 sling bullets for 114 gold pieces
 21178 | D:12     | Found a roughly hewn altar of Beogh.
 21447 | D:13     | Found a portal to a secret trove of treasure.
 21519 | D:13     | Reached skill level 12 in Armour
 21932 | D:13     | Found a gate to the Vaults.
 21967 | D:13     | Noticed Erolcha
 21983 | D:13     | Killed Erolcha
 22240 | Orc:1    | Reached skill level 13 in Armour
 22584 | Orc:2    | Entered Level 2 of the Orcish Mines
 22693 | Orc:2    | Found a staircase to the Elven Halls.
 22829 | Orc:2    | Found a roughly hewn altar of Beogh.
 22829 | Orc:2    | Noticed Azrael
 22852 | Orc:2    | Killed Azrael
 22870 | Orc:2    | Found Ofunnied's Book Shop.
 22963 | Orc:2    | Found a roughly hewn altar of Beogh.
 23054 | Orc:2    | Found a roughly hewn altar of Beogh.
 23298 | Orc:2    | Found a roughly hewn altar of Beogh.
 23725 | Orc:2    | Noticed an orc warlord
 23754 | Orc:2    | Killed an orc warlord
 23817 | Orc:2    | Found Zueluczy's Antique Armour Boutique.
 23825 | Orc:2    | Found a roughly hewn altar of Beogh.
 23827 | Orc:2    | Found Tukohyteo's Antique Weapon Shop.
 23834 | Orc:2    | Bought a distressingly furry cloak for 313 gold pieces
 23853 | Orc:2    | Identified the +0 cloak of Ocair {Str+9 Dex-2} (You bought it in a shop on level 2 of the Orcish Mines)
 23946 | Orc:2    | Found a roughly hewn altar of Beogh.
 23998 | Orc:2    | Found a roughly hewn altar of Beogh.
 24002 | Orc:2    | Found Gumefieb's Antique Armour Emporium.
 24044 | Orc:1    | Reached XP level 16. HP: 111/111 MP: 23/23
 24225 | Shoals:1 | Entered Level 1 of the Shoals
 25346 | Shoals:2 | Reached skill level 14 in Armour
 25754 | Shoals:3 | Bought a potion of flight for 42 gold pieces
 25754 | Shoals:3 | Bought a potion of haste for 140 gold pieces
 25754 | Shoals:3 | Bought a potion of haste for 140 gold pieces
 25754 | Shoals:3 | Bought a potion of invisibility for 112 gold pieces
 25754 | Shoals:3 | Bought a potion of heal wounds for 70 gold pieces
 25754 | Shoals:3 | Bought a potion of haste for 140 gold pieces
 25754 | Shoals:3 | Bought a potion of heal wounds for 70 gold pieces
 25754 | Shoals:3 | Bought a potion of haste for 140 gold pieces
 25883 | Shoals:3 | Reached skill level 15 in Armour
 26230 | Shoals:3 | Reached XP level 17. HP: 111/121 MP: 24/24
 26274 | Shoals:3 | Reached skill level 16 in Armour
 26414 | Shoals:3 | Identified the Papyrus of Self-Knowledge
 26671 | Shoals:4 | Entered Level 4 of the Shoals
 26746 | Shoals:4 | Noticed Aizul
 26752 | Shoals:4 | Noticed Ilsuiw
 26757 | Shoals:4 | Shot with an arrow by a satyr

Vault maps used:
D:1:      lightli_molten_gateway
D:2:      dk_noncrumbling_3
D:3:      yredelemnul_altar_generic, grunt_gozag_breadcrumbs
D:4:      serial_shops, nicolae_shop_stone
D:5:      gup_sewer_entry_bowl, first_bread, nemelex_dance_club_becter
D:6:      lemuel_upstairs_altar, grunt_temple_overflow_open,
          nicolae_ru_sacrificial_ziggurat, minitemple, minmay_misc_feat_plants,
          lightli_corner_chamber, uniq_pikel
D:7:      trog_ov_bears_minmay, uniq_crazy_yiuf_cottage
D:8:      david_lair_generic
D:9:      minmay_separated_statues, nicolae_overflow_hidden_temple, basic_altar
D:10:     uniq_psyche, uniq_erica
D:11:     orc_0_dummy
D:12:     special_room, serial_shops, shop, grunt_pizzeria
D:13:     david_vaults_1, enter_trove_3, uniq_erolcha
Lair:1:   special_room, grunt_megastairs_5
Lair:3:   minmay_shoals_entry_beasts, infiniplex_staircase_pool,
          grunt_megastairs_2, uniq_fannar
Lair:4:   spider_nest_entry_a, cheibrodos_lair_caveside_slide
Lair:5:   minmay_slime_entry_eyes, serial_bayou_shore_b
Lair:6:   due_jungle_book, wad_woods_06
Shoals:4: shoals_end_grunt_ice, shoal_ilsuiw, uniq_aizul
Orc:2:    grunt_orc_community_town_hall, grunt_orc_community_big_house_2,
          grunt_orc_community_big_house_1, grunt_orc_community_house_2,
          grunt_orc_community_house_3, grunt_orc_community_house_1,
          grunt_orc_community_house_3, statue_in_the_mist_lemuel,
          nooodl_orcs_dogs, uniq_azrael
Sewer:    sewer_co_cracked_pipes

Skill      XL: |  1  2  3  4  5  6  7  8  9 10 11 12 13 14 15 16 17 |
---------------+----------------------------------------------------+-----
Evocations     | 4 8 9 |  9.3
Slings         | 2 5 6 8 10 12 | 12.0
Armour         | 2 4 6 7 9 13 15 16 | 16.5
Fighting       | 5 6 10 12 | 12.5
Maces & Flails | 6 7 10 | 10.0
Dodging        | 8 9 |  9.0
Stealth        | 5 |  5.0
Translocations | 5 |  5.7
Spellcasting   | 3 |  3.0
Necromancy     | 4 |  4.1
Shields        | 5 |  5.5
Short Blades   | |  1.2

Action                   |  1- 3 |  4- 6 |  7- 9 | 10-12 | 13-15 | 16-18 || total
-------------------------+-------+-------+-------+-------+-------+-------++-------
Melee: Short sword       |    89 |    11 |    32 |       |       |       ||   132
       Mace              |       |       |   134 |   281 |  1509 |   279 ||  2203
 Fire: Hunting sling     |    44 |   111 |   192 |   292 |   216 |   302 ||  1157
 Cast: Portal Projectile |       |       |       |       |     7 |       ||     7
Invok: Potion Petition   |       |       |       |     1 |     1 |     4 ||     6
       Call Merchant     |       |       |       |     1 |     1 |     1 ||     3
 Abil: Evoke Berserk Rag |       |       |       |     4 |     6 |     1 ||    11
       Evoke Flight      |       |       |       |       |     1 |       ||     1
Evoke: Wand              |     8 |    16 |    11 |     5 |    20 |     7 ||    67
  Use: Scroll            |     3 |       |     6 |    19 |    18 |     7 ||    53
       Potion            |       |       |     3 |     6 |     4 |     3 ||    16
 Stab: Sleeping          |       |     1 |       |     1 |     5 |       ||     7
       Distracted        |       |       |     1 |     2 |    10 |     3 ||    16
       Invisible         |       |       |       |       |     5 |     2 ||     7
       Fleeing           |       |       |       |       |       |     1 ||     1
  Eat: Chunk             |     1 |     2 |       |       |       |       ||     3
       Bread ration      |       |     1 |     3 |     1 |     1 |       ||     6
       Beef jerky        |       |       |       |     3 |     3 |       ||     6
       Meat ration       |       |       |       |     2 |     3 |     1 ||     6
       Pizza             |       |       |       |     1 |     7 |     7 ||    15
       Royal jelly       |       |       |       |       |     2 |       ||     2
       Fruit             |       |       |       |       |     4 |       ||     4
Armor: Leather armour    |    23 |     2 |       |       |       |       ||    25
       Ring mail         |       |     8 |    86 |   106 |   182 |       ||   382
       Plate armour      |       |       |       |       |   379 |   167 ||   546
Dodge: Dodged            |   104 |    30 |   160 |   318 |  1046 |   215 ||  1873
Block: Buckler           |       |       |       |       |   365 |   121 ||   486
